[Event "Team 45 45 League T97"]
[Site "Internet Chess Club"]
[Date "2023.09.04"]
[Round "4"]
[White "sdcohle"]
[Black "smsxman"]
[Result "1-0"]
[WhiteElo "1320"]
[BlackElo "1444"]
[Opening "Philidor: Hanham variation"]
[ECO "C41"]
[Time "13:01:01"]
[PlyCount "135"]
[TimeControl "2700+45"]

1. e4 e5 2. Nf3 d6 3. d4 Nd7 4. Bc4 Be7 5. Nc3 Ngf6 6. O-O O-O 7. h3 a6 8. a4
Rb8 9. Re1 c6 10. dxe5 dxe5 11. Be3 b5 12. axb5 axb5 13. Bb3 Bb7 14. Bg5 b4 15.
Bxf6 Bxf6 16. Ne2 c5 17. Ng3 Be7 18. Qe2 h6 19. Red1 Qc7 20. Nf5 Nf6 21. Nxe7+
Qxe7 22. Nd2 Bc8 23. Qe3 Be6 24. Nc4 Nd7 25. Na5 Rbc8 26. Nc4 f6 27. Rd6 Bxc4
28. Bxc4+ Kh8 29. Rad1 Nb8 30. Re6 Qc7 31. Qg3 Rce8 32. Red6 Re7 33. Qd3 Nc6 34.
Rd7 Rxd7 35. Qxd7 Qxd7 36. Rxd7 Rc8 37. Rd2 Rd8 38. Rxd8+ Nxd8 39. Bd5 g5 40. c3
Kg7 41. cxb4 cxb4 42. b3 Kg6 43. g4 h5 44. Kg2 h4 45. Kf3 Nf7 46. Bxf7+ Kxf7 47.
Ke3 Ke6 48. Kd3 Kd6 49. Kc4 Kc6 50. Kxb4 Kb6 51. Kc4 Kc6 52. b4 Kb6 53. f3 Kc6
54. b5+ Kb6 55. Kd5 Kxb5 56. Ke6 Kc4 57. Kxf6 Kd3 58. Kxe5 Ke3 59. Kf5 Kxf3 60.
e5 Kg3 61. e6 Kxh3 62. e7 Kg2 63. e8=Q h3 64. Kxg5 h2 65. Qh8 h1=Q 66. Qxh1+
Kxh1 67. Kf6 Kg2 68. g5 {Black resigns} 1-0

[Event "Team 45 45 League T97"]
[Site "Internet Chess Club"]
[Date "2023.08.31"]
[Round "4"]
[White "Lawkeito"]
[Black "Portola"]
[Result "1-0"]
[WhiteElo "1799"]
[BlackElo "1670"]
[Opening "QGD: classical variation (5.Bf4)"]
[ECO "D37"]
[Time "21:00:20"]
[PlyCount "95"]
[TimeControl "2700+45"]

1. d4 d5 2. c4 e6 3. Nf3 Nf6 4. Nc3 Be7 5. Bf4 c6 6. e3 O-O 7. h3 Nbd7 8. Bd3
dxc4 9. Bxc4 Nd5 10. Bg3 Nxc3 11. bxc3 Nb6 12. Bd3 Nd5 13. Qc2 h6 14. O-O Bd6
15. Bxd6 Qxd6 16. Ne5 b6 17. Rae1 Bb7 18. f4 Rad8 19. f5 exf5 20. Bxf5 Nf6 21.
e4 c5 22. Nc4 Qc7 23. e5 Nd5 24. Nd6 cxd4 25. Nxb7 Qxb7 26. cxd4 Nb4 27. Qc4 a5
28. e6 fxe6 29. Qxe6+ Kh8 30. Qg6 Rxf5 31. Rxf5 Qd7 32. Re4 Rg8 33. Rf7 Qc6 34.
Qxc6 Nxc6 35. d5 Nd8 36. Rfe7 Kh7 37. Re8 Nf7 38. Rxg8 Kxg8 39. Re8+ Kh7 40. Rb8
Kg6 41. Rxb6+ Kf5 42. Re6 h5 43. Kf2 Ne5 44. Ke3 g5 45. Kd4 Nf7 46. Kc5 h4 47.
Re2 Nd8 48. Kb6 {Black resigns} 1-0

[Event "Team 45 45 League T97"]
[Site "Internet Chess Club"]
[Date "2023.09.02"]
[Round "4"]
[White "rubo"]
[Black "manfredo"]
[Result "1-0"]
[WhiteElo "1515"]
[BlackElo "1542"]
[Opening "Queen's pawn: London system"]
[ECO "A45"]
[Time "18:01:00"]
[PlyCount "87"]
[TimeControl "2700+45"]

1. d4 Nf6 2. Bf4 g6 3. Nc3 d5 4. e3 Bg7 5. Bd3 O-O 6. h4 h5 7. Nf3 Nc6 8. Nb5
Ne8 9. Ne5 Nb4 10. Nxg6 Nxd3+ 11. Qxd3 fxg6 12. Qxg6 Bf5 13. Qxh5 Bxc2 14. Rh3
Rf5 15. Qe2 Ba4 16. Nc3 Bc6 17. Qg4 Rf7 18. Rg3 Bd7 19. Qg5 e6 20. Be5 Qxg5 21.
Rxg5 Kf8 22. f4 Bxe5 23. dxe5 Rg7 24. Kd2 Rxg5 25. fxg5 Ng7 26. g4 Kg8 27. Rf1
Rf8 28. Rf6 Ne8 29. Rxf8+ Kxf8 30. h5 Kg7 31. Ne2 c5 32. Kc3 b5 33. a3 a5 34.
Nf4 b4+ 35. axb4 axb4+ 36. Kb3 Nc7 37. g6 Na6 38. g5 c4+ 39. Kc2 Nc5 40. h6+ Kg8
41. Nh5 Ba4+ 42. Kb1 Bd1 43. Nf6+ Kf8 44. g7+ {Black resigns} 1-0

[Event "Team 45 45 League T97"]
[Site "Internet Chess Club"]
[Date "2023.09.01"]
[Round "4"]
[White "fvafier"]
[Black "nosir"]
[Result "0-1"]
[WhiteElo "1471"]
[BlackElo "1441"]
[Opening "Queen's Pawn"]
[ECO "A41"]
[Time "16:00:10"]
[PlyCount "120"]
[TimeControl "2700+45"]

1. d4 d6 2. Nf3 Nf6 3. c4 c6 4. Bg5 Nbd7 5. Nc3 Qa5 6. e3 Ne4 7. h4 h6 8. Bf4
Ndf6 9. Bd3 Bg4 10. Qc2 Nxc3 11. bxc3 Bxf3 12. gxf3 e5 13. dxe5 dxe5 14. Bg3 Bd6
15. O-O Qc7 16. e4 O-O 17. Rfd1 Rad8 18. a4 a5 19. Rab1 Nd7 20. Bf1 Nc5 21. Rb2
Be7 22. Rbb1 Bf6 23. Be2 Qe7 24. Kg2 Bxh4 25. Rxd8 Rxd8 26. Rd1 Bg5 27. Rxd8+
Qxd8 28. Bxe5 Qd2 29. Qxd2 Bxd2 30. Bd1 Nd3 31. Bd4 Nb2 32. Bb3 Nd3 33. c5 Kf8
34. Kf1 Bg5 35. Bc2 Nf4 36. Be5 Ne6 37. Bd6+ Ke8 38. Ke2 Be7 39. e5 Nxc5 40.
Bxe7 Kxe7 41. Ke3 Ke6 42. Kd4 b6 43. c4 f6 44. exf6 Kxf6 45. f4 g6 46. Ke3 Ne6
47. Be4 c5 48. Bd5 h5 49. Bf3 h4 50. Bg2 g5 51. fxg5+ Kxg5 52. Kf3 Nf4 53. Bf1
Kf5 54. Ke3 h3 55. Kf3 Ke5 56. Kg3 Ke4 57. Kh2 Kf3 58. Kg1 h2+ 59. Kxh2 Kxf2 60.
Bh3 Nxh3 {White resigns} 0-1

[Event "Team 45 45 League T97"]
[Site "Internet Chess Club"]
[Date "2023.09.01"]
[Round "4"]
[White "g8wrb"]
[Black "Denis240964"]
[Result "0-1"]
[WhiteElo "1263"]
[BlackElo "1365"]
[Opening "KP: Lopez opening"]
[ECO "C20"]
[Time "13:00:37"]
[PlyCount "102"]
[TimeControl "2700+45"]

1. e4 e5 2. c3 Nc6 3. d4 exd4 4. cxd4 Bb4+ 5. Nc3 d6 6. h3 Nf6 7. Bg5 O-O 8. a3
Re8 9. axb4 Nxb4 10. Be2 h6 11. Bh4 g5 12. Bg3 Nxe4 13. Nxe4 Rxe4 14. Nf3 Qe7
15. Ra4 a5 16. Kf1 Bd7 17. Ra1 Re8 18. Bc4 b5 19. Bd3 Nxd3 20. Qxd3 d5 21. Ne5
Qb4 22. f3 Rxd4 23. Qxd4 Qxd4 24. Nxd7 Qxb2 25. Re1 Rc8 26. Kg1 Rd8 27. Ne5 Re8
28. Kh2 a4 29. Nd3 Rxe1 30. Nxb2 Rxh1+ 31. Kxh1 c5 32. Bd6 c4 33. Bb4 d4 34. Kg1
f5 35. Kf2 Kf7 36. Ke2 Ke6 37. g3 Kd5 38. Kd2 c3+ 39. Bxc3 dxc3+ 40. Kxc3 a3 41.
Nd3 h5 42. Nb4+ Kc5 43. Kb3 Kd4 44. Kxa3 Ke3 45. g4 hxg4 46. fxg4 f4 47. Nd5+
Kd4 48. Nb4 f3 49. Nc2+ Ke4 50. Ne1 f2 51. Nf3 Kxf3 {White resigns} 0-1

[Event "Team 45 45 League T97"]
[Site "Internet Chess Club"]
[Date "2023.09.03"]
[Round "4"]
[White "clarinetref"]
[Black "ARMAND02019"]
[Result "1-0"]
[WhiteElo "1540"]
[BlackElo "1591"]
[Opening "French: Paulsen variation"]
[ECO "C10"]
[Time "20:08:41"]
[PlyCount "91"]
[TimeControl "2700+45"]

1. e4 e6 2. d4 d5 3. Nc3 g6 4. Be3 Bg7 5. Qd2 Nf6 6. Bh6 Bxh6 7. Qxh6 dxe4 8.
Qe3 Nc6 9. O-O-O Nd5 10. Qxe4 Nxc3 11. bxc3 Qg5+ 12. f4 Qa5 13. Kb2 Ne7 14. Qe5
Qb6+ 15. Ka1 Rf8 16. Rb1 Qd6 17. Bb5+ Nc6 18. Qxd6 cxd6 19. Nf3 Bd7 20. Rhe1 Kd8
21. Ng5 h6 22. Ne4 Kc7 23. Nf6 Rfd8 24. d5 exd5 25. Nxd5+ Kc8 26. Ne7+ Nxe7 27.
Rxe7 Be6 28. Bd3 Bd5 29. c4 Bxg2 30. Rxf7 g5 31. Bf5+ Kb8 32. fxg5 hxg5 33. Rg1
Bc6 34. Rxg5 a5 35. Be6 Rh8 36. Rf2 Kc7 37. Rg7+ Kb6 38. Bd5 Rh6 39. c3 Rah8 40.
Bxc6 Kxc6 41. Rff7 Rb8 42. Rc7+ Kb6 43. Rcd7 Rxh2 44. Rxd6+ Kc5 45. Rd4 b6 46.
Rc7# {Black checkmated} 1-0

[Event "Team 45 45 League T97"]
[Site "Internet Chess Club"]
[Date "2023.09.04"]
[Round "4"]
[White "Signofthetimes"]
[Black "garytd"]
[Result "1-0"]
[WhiteElo "1590"]
[BlackElo "1415"]
[Opening "Sicilian: Hungarian variation"]
[ECO "B27"]
[Time "09:00:26"]
[PlyCount "41"]
[TimeControl "2700+45"]

1. e4 c5 2. Nf3 g6 3. Bc4 Bg7 4. Nc3 Nc6 5. d3 Nf6 6. Be3 d6 7. h3 Nd7 8. Qd2
Nd4 9. O-O-O Nb6 10. Bh6 O-O 11. Bxg7 Nxc4 12. dxc4 Nxf3 13. gxf3 Kxg7 14. h4 h5
15. Rdg1 f5 16. Qg5 Rf6 17. Qxh5 Qh8 18. Qxh8+ Kxh8 19. h5 Kg7 20. Nd5 Re6 21.
exf5 {Black resigns} 1-0

[Event "Team 45 45 League T97"]
[Site "Internet Chess Club"]
[Date "2023.09.03"]
[Round "4"]
[White "DaveTheRook"]
[Black "Kingofknights"]
[Result "0-1"]
[WhiteElo "1434"]
[BlackElo "1580"]
[Opening "Budapest: Adler variation"]
[ECO "A52"]
[Time "14:30:24"]
[PlyCount "82"]
[TimeControl "2700+45"]

1. d4 Nf6 2. c4 e5 3. dxe5 Ng4 4. Nf3 Bc5 5. e3 Nc6 6. h3 Ngxe5 7. Nc3 Nxf3+ 8.
Qxf3 Ne5 9. Qe4 d6 10. Bd2 O-O 11. O-O-O f5 12. Qc2 c6 13. Na4 Bb6 14. f4 Nd7
15. Bd3 Nc5 16. Nxc5 Bxc5 17. b4 Bb6 18. c5 dxc5 19. bxc5 Bc7 20. Bc4+ Kh8 21.
Bc3 Qe7 22. Rhe1 Be6 23. Bb3 Bxb3 24. axb3 Rad8 25. Bd4 Qe6 26. Qc3 Rf7 27. Rd3
Kg8 28. Red1 Rd5 29. Kb2 Rfd7 30. b4 Bd8 31. Kb1 Qe4 32. g3 Qg2 33. Kc1 Qxg3 34.
e4 Qxf4+ 35. Be3 Qxe4 36. Qb3 Kf8 37. Rxd5 Rxd5 38. Rxd5 Qxd5 39. Qc3 Bf6 40.
Qc2 Kf7 41. Kb1 Qe4 {White resigns} 0-1

[Event "Team 45 45 League T97"]
[Site "Internet Chess Club"]
[Date "2023.09.02"]
[Round "4"]
[White "Tufnell"]
[Black "bobhill"]
[Result "1-0"]
[WhiteElo "2032"]
[BlackElo "1878"]
[Opening "Sicilian: dragon, Yugoslav attack, Rauser variation"]
[ECO "B76"]
[Time "12:00:24"]
[PlyCount "97"]
[TimeControl "2700+45"]

1. e4 c5 2. Nf3 d6 3. d4 cxd4 4. Nxd4 Nf6 5. Nc3 g6 6. Be3 Bg7 7. f3 Nc6 8. Qd2
O-O 9. O-O-O d5 10. exd5 Nxd5 11. Nxc6 bxc6 12. Bd4 e5 13. Bc5 Qa5 14. Bxf8 Bxf8
15. Bc4 Nxc3 16. Qxc3 Qxc3 17. bxc3 Bh6+ 18. Kb2 Bg5 19. a4 h5 20. Rd6 Bf5 21.
Rxc6 Rb8+ 22. Bb3 Rb7 23. Re1 Kg7 24. Rxe5 Bf4 25. Re2 Bxh2 26. Rc4 Bg3 27. Rc5
h4 28. Rb5 Rc7 29. Bd5 Bc8 30. c4 a6 31. Rb6 f6 32. Ka2 Be5 33. Rc6 Rxc6 34.
Bxc6 h3 35. gxh3 Bxh3 36. Kb3 a5 37. c5 Be6+ 38. c4 g5 39. Bd5 Bf5 40. c6 Kf8
41. c5 Ke7 42. Kc4 Kd8 43. Re3 Bf4 44. Rb3 Bh3 45. Kb5 Bc7 46. Re3 Bf4 47. Re1
Bf5 48. Bc4 Bd2 49. Rd1 {Black resigns} 1-0

[Event "Team 45 45 League T97"]
[Site "Internet Chess Club"]
[Date "2023.09.04"]
[Round "4"]
[White "Beetlejuice"]
[Black "Pruett1988"]
[Result "1/2-1/2"]
[WhiteElo "1683"]
[BlackElo "1726"]
[Opening "English opening"]
[ECO "A16"]
[Time "14:00:41"]
[PlyCount "50"]
[TimeControl "2700+45"]

1. c4 Nf6 2. Nc3 g6 3. g3 Bg7 4. Bg2 O-O 5. e4 d6 6. Nge2 e5 7. O-O Nc6 8. d3
Be6 9. Nd5 Nd7 10. Be3 a5 11. Qd2 Nc5 12. Rae1 Nd4 13. Bg5 f6 14. Be3 c6 15.
Ndc3 f5 16. b3 fxe4 17. Bxd4 exd3 18. Bxc5 dxe2 19. Rxe2 dxc5 20. Qxd8 Raxd8 21.
Na4 Bf5 22. Nxc5 b6 23. Ne4 b5 24. cxb5 cxb5 25. Rc1 Rc8 {Game drawn by mutual
agreement} 1/2-1/2

[Event "Team 45 45 League T97"]
[Site "Internet Chess Club"]
[Date "2023.09.04"]
[Round "4"]
[White "Lawkeito"]
[Black "discipulo"]
[Result "0-1"]
[WhiteElo "1778"]
[BlackElo "1716"]
[Opening "QGD: classical variation (5.Bf4)"]
[ECO "D37"]
[Time "14:07:06"]
[PlyCount "48"]
[TimeControl "2700+45"]

1. d4 d5 2. c4 e6 3. Nf3 Nf6 4. Nc3 Be7 5. Bf4 dxc4 6. e3 Nd5 7. Bxc4 Nxf4 8.
exf4 O-O 9. O-O Nd7 10. Re1 Nb6 11. Bb3 Bd7 12. Ne5 Be8 13. d5 exd5 14. Nxd5
Nxd5 15. Qxd5 Qxd5 16. Bxd5 Bd6 17. Rad1 Kh8 18. g3 f6 19. Ng4 Bh5 20. f3 Bc5+
21. Kf1 c6 22. Be6 Rad8 23. a3 Rfe8 24. h3 Rxd1 {White resigns} 0-1

[Event "Team 45 45 League T97"]
[Site "Internet Chess Club"]
[Date "2023.09.03"]
[Round "4"]
[White "ivanson"]
[Black "garytd"]
[Result "1-0"]
[WhiteElo "1610"]
[BlackElo "1424"]
[Opening "Sicilian: Alapin's variation (2.c3)"]
[ECO "B22"]
[Time "15:00:22"]
[PlyCount "53"]
[TimeControl "2700+45"]

1. e4 c5 2. c3 d5 3. exd5 Qxd5 4. d4 g6 5. Nf3 Bg7 6. Na3 cxd4 7. Nb5 Qd8 8. Bf4
Na6 9. Nbxd4 Nc5 10. Bc4 Nh6 11. O-O O-O 12. h3 a6 13. Re1 Re8 14. Qc2 Bd7 15.
Rad1 Qc8 16. Nb3 Ne6 17. Bxe6 Bxe6 18. Nbd4 Bxd4 19. Nxd4 Bd7 20. Bxh6 b5 21.
Qe4 a5 22. Nc2 Bf5 23. Qe2 Qb7 24. Nd4 Bd7 25. Qe4 Qb6 26. Qe5 f6 27. Qd5+
{Black resigns} 1-0

[Event "Team 45 45 League T97"]
[Site "Internet Chess Club"]
[Date "2023.09.05"]
[Round "4"]
[White "jonesey"]
[Black "cyborg86"]
[Result "1/2-1/2"]
[WhiteElo "1869"]
[BlackElo "2250"]
[Opening "Caro-Kann: Panov-Botvinnik attack"]
[ECO "B13"]
[Time "18:01:09"]
[PlyCount "22"]
[TimeControl "2700+45"]

1. e4 c6 2. d4 d5 3. exd5 cxd5 4. c4 Nf6 5. Nc3 Nc6 6. Bg5 Be6 7. c5 g6 8. Bb5
Bg7 9. Nge2 O-O 10. O-O Ne4 11. Be3 Bg4 {Game drawn by mutual agreement} 1/2-1/2

[Event "Team 45 45 League T97"]
[Site "Internet Chess Club"]
[Date "2023.09.02"]
[Round "4"]
[White "timcent"]
[Black "pmarcal"]
[Result "1-0"]
[WhiteElo "1921"]
[BlackElo "1697"]
[Opening "QGD: exchange, positional line"]
[ECO "D35"]
[Time "20:00:30"]
[PlyCount "87"]
[TimeControl "2700+45"]

1. d4 d5 2. c4 e6 3. Nc3 Nf6 4. cxd5 exd5 5. Bg5 Be7 6. e3 Bf5 7. Qb3 Nc6 8.
Bxf6 Bxf6 9. Qxd5 Qc8 10. Bb5 O-O 11. Bxc6 bxc6 12. Qxc6 Rb8 13. b3 Rb6 14. Qc5
Qd7 15. Nge2 Be7 16. Qd5 Rd6 17. Qa5 c6 18. O-O Rh6 19. Ng3 Be6 20. Rfc1 f5 21.
Nce2 Bd6 22. f4 g5 23. Rf1 Qe7 24. fxg5 Qxg5 25. Nf4 Qh4 26. Nh3 Bd5 27. e4 Bxg3
28. hxg3 Qxe4 29. Qd2 Rxh3 30. Rf4 Rxg3 31. Rxe4 Bxe4 32. Qa5 Rxg2+ 33. Kf1 h5
34. Re1 Rc2 35. Re3 Rc1+ 36. Ke2 Re8 37. Rg3+ Kf8 38. Qxa7 Bb1+ 39. Kd2 Rc2+ 40.
Kd1 Ree2 41. Qb8+ Ke7 42. Rg7+ Ke6 43. Qe8+ Kd5 44. Rd7# {Black checkmated} 1-0

[Event "Team 45 45 League T97"]
[Site "Internet Chess Club"]
[Date "2023.09.04"]
[Round "4"]
[White "iSeba"]
[Black "LookImYourVader"]
[Result "1-0"]
[WhiteElo "1977"]
[BlackElo "1745"]
[Opening "Sicilian: O'Kelly variation"]
[ECO "B28"]
[Time "16:06:35"]
[PlyCount "57"]
[TimeControl "2700+45"]

1. e4 c5 2. Nf3 a6 3. g3 d5 4. e5 Bg4 5. h3 Bxf3 6. Qxf3 Nc6 7. Bg2 Nxe5 8. Qxd5
Qxd5 9. Bxd5 Rb8 10. O-O Nf6 11. Bg2 Ng6 12. d4 e6 13. Be3 Be7 14. dxc5 O-O 15.
Nc3 Nd7 16. Na4 Rfc8 17. b4 b5 18. cxb6 Bxb4 19. Rab1 Bc5 20. Nxc5 Nxc5 21. b7
Rc7 22. Bxc5 Rxc5 23. Rb6 Ra5 24. Rc1 Ne5 25. c4 Rxa2 26. c5 Nd7 27. Rc6 Kf8 28.
Rc8+ Ke7 29. c6 {Black resigns} 1-0

[Event "Team 45 45 League T97"]
[Site "Internet Chess Club"]
[Date "2023.09.01"]
[Round "4"]
[White "fishhead"]
[Black "ARMAND02019"]
[Result "1-0"]
[WhiteElo "1680"]
[BlackElo "1611"]
[Opening "Sicilian defense"]
[ECO "B32"]
[Time "20:00:10"]
[PlyCount "93"]
[TimeControl "2700+45"]

1. e4 c5 2. Nf3 Nc6 3. d4 cxd4 4. Nxd4 Nxd4 5. Qxd4 d6 6. Nc3 Nf6 7. Bg5 e5 8.
Qd2 Be7 9. O-O-O Be6 10. Bb5+ Bd7 11. Bxd7+ Qxd7 12. Rhe1 O-O-O 13. Bxf6 Bxf6
14. Nd5 Be7 15. Re3 Kb8 16. Rf3 f6 17. Ra3 Rhe8 18. Qa5 a6 19. Rdd3 f5 20. Rdb3
Bg5+ 21. Kb1 Qc6 22. Rb6 Qc4 23. Rxb7+ Kxb7 24. Qb6+ Kc8 25. Rc3 Qxc3 26. Nxc3
Re7 27. Nd5 Rb7 28. Qc6+ Kb8 29. exf5 Ka7 30. b3 Bd2 31. c4 Be1 32. f3 Bf2 33.
Qa4 Bc5 34. Kc2 Rdb8 35. Kd3 h6 36. Ke4 Rf7 37. b4 Bb6 38. Qc6 a5 39. Qxd6 axb4
40. Qxb4 Bd4 41. Qa4+ Kb7 42. Qb5+ Ka7 43. Qa5+ Kb7 44. g4 Rc8 45. Qb5+ Ka7 46.
Nb4 Rf6 47. Qd7+ {Black resigns} 1-0

[Event "Team 45 45 League T97"]
[Site "Internet Chess Club"]
[Date "2023.08.29"]
[Round "4"]
[White "kabindra"]
[Black "fireball"]
[Result "1-0"]
[WhiteElo "1712"]
[BlackElo "1510"]
[Opening "French: advance, Euwe variation"]
[ECO "C02"]
[Time "17:45:16"]
[PlyCount "69"]
[TimeControl "2700+45"]

1. e4 e6 2. d4 d5 3. e5 c5 4. c3 Nc6 5. Nf3 Bd7 6. Bd3 cxd4 7. cxd4 Qb6 8. O-O
O-O-O 9. a3 h6 10. b4 g5 11. Nc3 Nxd4 12. Nxd4 Qxd4 13. Be3 Qxe5 14. Bxa7 Bd6
15. g3 Bc7 16. Rc1 Ne7 17. Nb5 Bxb5 18. Bxb5 Rd6 19. Bd4 Qf5 20. Bxh8 e5 21. Qc2
Qxc2 22. Rxc2 Nc6 23. Bxc6 Rxc6 24. Rxc6 bxc6 25. Re1 e4 26. Bd4 Kb7 27. Rc1 Bb6
28. Bc5 f5 29. Kf1 d4 30. Ke2 f4 31. gxf4 gxf4 32. Rc4 d3+ 33. Kd2 e3+ 34. fxe3
Bxc5 35. Rxc5 {Black resigns} 1-0

[Event "Team 45 45 League T97"]
[Site "Internet Chess Club"]
[Date "2023.09.01"]
[Round "4"]
[White "jfkingiii"]
[Black "isolani"]
[Result "1/2-1/2"]
[WhiteElo "1453"]
[BlackElo "1523"]
[Opening "Pirc: Ufimtsev-Pytel variation"]
[ECO "B07"]
[Time "19:06:33"]
[PlyCount "60"]
[TimeControl "2700+45"]

1. e4 d6 2. d4 Nf6 3. Nc3 c6 4. f4 Qa5 5. Nf3 Nxe4 6. Bd2 Nxd2 7. Qxd2 Nd7 8.
Be2 g6 9. O-O Qc7 10. Kh1 Bg7 11. a4 Nf6 12. Rfe1 O-O 13. Bd3 e6 14. b4 Nd5 15.
Ne4 e5 16. fxe5 dxe5 17. c4 Nf4 18. dxe5 Nxd3 19. Qxd3 Bg4 20. Nf6+ Bxf6 21.
exf6 Rad8 22. Qe4 Bxf3 23. Qxf3 Rfe8 24. Qf2 Qd6 25. Rxe8+ Rxe8 26. Qh4 Qxb4 27.
h3 h5 28. Qf4 Re1+ 29. Rxe1 Qxe1+ 30. Kh2 h4 {Game drawn by mutual agreement}
1/2-1/2

[Event "Team 45 45 League T97"]
[Site "Internet Chess Club"]
[Date "2023.09.04"]
[Round "4"]
[White "primerpaso"]
[Black "Goli"]
[Result "0-1"]
[WhiteElo "1761"]
[BlackElo "1798"]
[Opening "English opening"]
[ECO "A16"]
[Time "14:02:33"]
[PlyCount "64"]
[TimeControl "2700+45"]

1. c4 Nf6 2. Nc3 g6 3. g3 Bg7 4. Bg2 O-O 5. e4 d6 6. Nge2 e5 7. O-O Nbd7 8. d4
exd4 9. Nxd4 a5 10. h3 Nc5 11. Be3 Qe7 12. Qc2 c6 13. Rfe1 Re8 14. Kh2 Nfxe4 15.
Nxe4 Nxe4 16. Bxe4 Qxe4 17. Bd2 Qxe1 18. Rxe1 Rxe1 19. Bxe1 Bxd4 20. Bc3 Bxc3
21. Qxc3 Be6 22. g4 d5 23. b3 a4 24. Kg3 axb3 25. axb3 dxc4 26. bxc4 b5 27. cxb5
cxb5 28. Qc6 Ra3+ 29. Kf4 b4 30. Kg5 Kg7 31. h4 Rc3 32. Qb7 Rc4 {White resigns}
0-1

[Event "Team 45 45 League T97"]
[Site "Internet Chess Club"]
[Date "2023.08.31"]
[Round "4"]
[White "fhunfi"]
[Black "QuieroAprender"]
[Result "0-1"]
[WhiteElo "1653"]
[BlackElo "1583"]
[Opening "Ruy Lopez: Cozio defense, Paulsen variation"]
[ECO "C60"]
[Time "19:31:21"]
[PlyCount "118"]
[TimeControl "2700+45"]

1. e4 e5 2. Nf3 Nc6 3. Bb5 Nge7 4. Nc3 g6 5. d4 exd4 6. Nxd4 Bg7 7. Nde2 a6 8.
Ba4 O-O 9. a3 Re8 10. O-O d6 11. Be3 Bg4 12. f3 Bd7 13. Bf2 Na5 14. Bxd7 Qxd7
15. Bd4 Nac6 16. Bxg7 Kxg7 17. Qd2 Rad8 18. Rad1 Ne5 19. b3 Qc6 20. Qd4 Qc5 21.
Qxc5 dxc5 22. Rxd8 Rxd8 23. Rd1 Rxd1+ 24. Nxd1 N7c6 25. f4 Ng4 26. h3 Nf6 27.
Nf2 Nd4 28. Nxd4 cxd4 29. g4 h5 30. Kf1 hxg4 31. hxg4 Nd7 32. Nd3 c5 33. Ke2 b5
34. Kf3 c4 35. bxc4 bxc4 36. Nb4 Nc5 37. Nd5 f6 38. f5 g5 39. Nb6 c3 40. Nd5 d3
41. Nxc3 dxc2 42. Ne2 Nb3 43. Ke3 c1=Q+ 44. Nxc1 Nxc1 45. Kd4 Nb3+ 46. Kd5 Kf7
47. e5 Ke7 48. e6 Nd2 49. a4 Nb3 50. Kc4 Na5+ 51. Kc5 Nb3+ 52. Kb4 Nd4 53. Ka5
Nxf5 54. Kxa6 Nd6 55. Kb6 Kxe6 56. Kc6 f5 57. gxf5+ Nxf5 58. a5 Nd4+ 59. Kb6 Kd5
{White resigns} 0-1

[Event "Team 45 45 League T97"]
[Site "Internet Chess Club"]
[Date "2023.09.01"]
[Round "4"]
[White "vollmerj"]
[Black "WillC"]
[Result "0-1"]
[WhiteElo "1534"]
[BlackElo "1538"]
[Opening "QGD: 4.Nf3"]
[ECO "D37"]
[Time "15:35:41"]
[PlyCount "55"]
[TimeControl "2700+45"]

1. Nf3 d5 2. d4 Nf6 3. c4 e6 4. Nc3 Be7 5. Bg5 b6 6. cxd5 exd5 7. e3 O-O 8. Bd3
Bb7 9. Qc2 Nbd7 10. O-O Rc8 11. Ne5 h6 12. Nxd7 Nxd7 13. Bxe7 Qxe7 14. Bf5 c5
15. dxc5 Rxc5 16. Qb3 d4 17. Bxd7 dxc3 18. Bh3 cxb2 19. Qxb2 Rd8 20. Rac1 Rcd5
21. Rc2 Qd6 22. Bg4 Qg6 23. Bh3 Rh5 24. Rc7 Ba8 25. Qc2 Be4 26. Qc4 Rxh3 27.
Qxf7+ Qxf7 28. Rxf7 {White resigns} 0-1

[Event "Team 45 45 League T97"]
[Site "Internet Chess Club"]
[Date "2023.09.01"]
[Round "4"]
[White "ChessMaine"]
[Black "Manch"]
[Result "0-1"]
[WhiteElo "1473"]
[BlackElo "1363"]
[Opening "Queen's pawn: stonewall attack"]
[ECO "D00"]
[Time "09:00:09"]
[PlyCount "96"]
[TimeControl "2700+45"]

1. d4 d5 2. e3 Nf6 3. Bd3 Nbd7 4. f4 c5 5. c3 e6 6. Nd2 c4 7. Bc2 b5 8. Ngf3 a5
9. Ne5 Nxe5 10. fxe5 Nd7 11. O-O g6 12. Nf3 h6 13. Qe1 g5 14. Qf2 Qe7 15. Bd2
Bb7 16. h3 Rg8 17. Nh2 Bg7 18. Ng4 h5 19. Nf6+ Bxf6 20. exf6 Qd6 21. Rae1 O-O-O
22. e4 dxe4 23. Bxe4 Bxe4 24. Rxe4 Qd5 25. Re3 Rg6 26. Rf3 g4 27. hxg4 Rxg4 28.
Bh6 Nf8 29. Bg7 Ng6 30. Rg3 Qe4 31. Rxg4 hxg4 32. Re1 Qd3 33. Re3 Qf5 34. Qxf5
exf5 35. Re6 f4 36. Kf2 Kd7 37. Re4 Kd6 38. Bh6 Kd5 39. Re1 Rd6 40. Bg5 Re6 41.
Rxe6 Kxe6 42. g3 fxg3+ 43. Kxg3 Kf5 44. Bh4 Nxh4 45. Kxh4 Kf4 46. d5 g3 47. Kh3
Kf3 48. d6 g2 {White resigns} 0-1

[Event "Team 45 45 League T97"]
[Site "Internet Chess Club"]
[Date "2023.09.03"]
[Round "4"]
[White "julesraider"]
[Black "BlueStorm"]
[Result "1-0"]
[WhiteElo "1644"]
[BlackElo "1460"]
[Opening "Queen's pawn game"]
[ECO "A50"]
[Time "18:00:18"]
[PlyCount "95"]
[TimeControl "2700+45"]

1. d4 Nf6 2. c4 c6 3. Nc3 d5 4. cxd5 cxd5 5. Qc2 Nc6 6. Nf3 e6 7. a3 Be7 8. Bg5
Bd7 9. e3 Rc8 10. Bd3 h6 11. Bh4 O-O 12. O-O Nh5 13. Bxe7 Qxe7 14. Qe2 a6 15.
Rfc1 Nf6 16. b4 b5 17. e4 dxe4 18. Nxe4 Nd5 19. g3 e5 20. dxe5 Nxe5 21. Nxe5
Qxe5 22. Nc5 Qxe2 23. Bxe2 Nf6 24. Nxa6 Rxc1+ 25. Rxc1 Ra8 26. Nc5 Be8 27. Rc3
Nd5 28. Rd3 Nb6 29. Bf3 Ra7 30. Rd8 Re7 31. Bc6 Kf8 32. Bxb5 f6 33. a4 Kf7 34.
Bxe8+ Rxe8 35. Rxe8 Kxe8 36. a5 Nc4 37. a6 Kd8 38. b5 Kc7 39. Na4 Kb8 40. b6
Nxb6 41. Nxb6 Ka7 42. Nc8+ Kxa6 43. Kg2 Kb7 44. Nd6+ Kc6 45. Ne8 Kd7 46. Nxg7
Kd6 47. Nf5+ Ke5 48. Nxh6 {Black resigns} 1-0

[Event "Team 45 45 League T97"]
[Site "Internet Chess Club"]
[Date "2023.09.01"]
[Round "4"]
[White "BrerRabbit"]
[Black "burlap"]
[Result "0-1"]
[WhiteElo "1342"]
[BlackElo "1394"]
[Opening "Catalan: closed, main line"]
[ECO "E09"]
[Time "09:01:43"]
[PlyCount "34"]
[TimeControl "2700+45"]

1. d4 d5 2. Nf3 c6 3. g3 e6 4. Bg2 Nd7 5. O-O Ngf6 6. c4 Be7 7. Qc2 O-O 8. Nbd2
b6 9. e4 Bb7 10. e5 Ne8 11. cxd5 cxd5 12. Re1 Rc8 13. Qd1 Qc7 14. Nb1 Bb4 15.
Re3 Qxc1 16. Qxc1 Rxc1+ 17. Bf1 Ba6 {White resigns} 0-1

[Event "Team 45 45 League T97"]
[Site "Internet Chess Club"]
[Date "2023.09.05"]
[Round "4"]
[White "rjhoro"]
[Black "smsxman"]
[Result "0-1"]
[WhiteElo "1191"]
[BlackElo "1450"]
[Opening "Queen's gambit declined"]
[ECO "D35"]
[Time "09:30:59"]
[PlyCount "88"]
[TimeControl "2700+45"]

1. d4 d5 2. c4 e6 3. cxd5 exd5 4. Nc3 Nf6 5. Nf3 Bb4 6. Bd2 Bxc3 7. Bxc3 Ne4 8.
e3 Nxc3 9. bxc3 O-O 10. Bd3 Bg4 11. O-O c6 12. Rb1 b5 13. Be2 Nd7 14. Nd2 Bxe2
15. Qxe2 Qa5 16. Nb3 Qd8 17. Ra1 Rc8 18. a4 a6 19. axb5 axb5 20. Nd2 Nb6 21.
Rfb1 Na4 22. Rb3 Ra8 23. Qf1 Qd7 24. Nf3 f6 25. Raa3 Ra7 26. Qb1 Rfa8 27. Qa1
Qf5 28. Ne1 Qd7 29. Nc2 Nb6 30. f3 Na4 31. Qb1 Qe7 32. Qe1 h6 33. Nb4 Rc7 34. e4
Re8 35. Rb1 dxe4 36. fxe4 Qf8 37. Qg3 Ree7 38. Re1 Qe8 39. Raa1 Rc8 40. Qf3 Rcc7
41. d5 cxd5 42. Nxd5 Rc4 43. Nxe7+ Qxe7 44. Ra3 Qxa3 {White resigns} 0-1